 Dungeon Crawl Stone Soup version 0.29.1-13-g9f3cf754e1 (webtiles) character file.

Game seed: 12671665918339583882

1933 Exodus22XD the Cleaver (level 8, -7/71 HPs)
             Began as a Minotaur Fighter on Feb 5, 2023.
             Mangled by Edmund
             ... wielding a +2 vorpal flail
              (9 damage)
             ... on level 6 of the Dungeon.
             The game lasted 00:05:07 (3829 turns).

Exodus22XD the Cleaver (Minotaur Fighter)           Turns: 3829, Time: 00:05:07

Health: -7/71      AC: 14    Str: 23    XL:     8   Next: 97%
Magic:  7/7        EV:  8    Int:  5    God:
Gold:   693        SH:  5    Dex: 10    Spells: 7/7 levels left

rFire   . . .      SeeInvis .   a - +0 war axe
rCold   . . .      Faith    .   c - +0 buckler
rNeg    . . .      Spirit   .   x - +0 chain mail
rPois   +          Reflect  .   (helmet restricted)
rElec   .          Harm     .   (no cloak)
rCorr   .          Rampage  .   (no gloves)
Will    +....                   p - +2 pair of boots
Stlth   ..........              (no amulet)
HPRegen 0.21/turn               i - ring of willpower
MPRegen 0.10/turn               u - ring of poison resistance

@: mighty
A: horns 2, retaliatory headbutt
a: no special abilities


You were on level 6 of the Dungeon.
You visited 1 branch of the dungeon, and saw 6 of its levels.

You collected 693 gold pieces.

Inventory:

Hand Weapons
 a - a +0 war axe (weapon)
 D - a +2 trident of freezing
Armour
 c - a +0 buckler (worn)
 p - a +2 pair of boots (worn)
 x - a +0 chain mail (worn)
 F - a +0 pair of gloves
Jewellery
 i - a ring of willpower (left hand)
 u - a ring of poison resistance (right hand)
 C - a ring of protection from cold
Wands
 s - a wand of iceblast (11)
 z - a wand of digging (5)
 E - a wand of light (8)
Scrolls
 f - a scroll of blinking {unknown}
 g - 2 scrolls of magic mapping
 o - 4 scrolls of identify {unknown}
 q - a scroll of brand weapon {unknown}
 r - 2 scrolls of vulnerability {unknown}
 t - a scroll of amnesia {unknown}
 v - a scroll of enchant armour {unknown}
 w - 3 scrolls of poison {unknown}
 y - 2 scrolls of enchant weapon {unknown}
 B - a scroll of fear {unknown}
Potions
 b - a potion of flight {unknown}
 e - 2 potions of mutation {unknown}
 h - 4 potions of curing
 j - a potion of berserk rage {unknown}
 k - a potion of brilliance {unknown}
 l - 2 potions of magic {unknown}
 m - 2 potions of lignification {unknown}
 n - a potion of cancellation {unknown}
 A - a potion of ambrosia {unknown}


   Skills:
 + Level 6.7 Fighting
 + Level 10.2 Axes
 + Level 7.4 Armour
 + Level 5.7 Shields
 + Level 0.4 Evocations


You had 7 spell levels left.
You didn't know any spells.
Your spell library was empty.

Dungeon Overview and Level Annotations

Branches:
Dungeon (6/15)
 Temple: D:4-7

Altars:
Cheibriados
Gozag
Kikubaaqudgha
Sif Muna
Yredelemnul

Annotations:
D:6 Edmund


Innate Abilities, Weirdness & Mutations

You have a pair of horns on your head.
You reflexively headbutt those who attack you in melee.


Message History

* * * LOW HITPOINT WARNING * * *
x2 The orc wizard points at you and mumbles some strange words.
The magic dart hits you but does no damage.
Okay, then.
It was a potion of curing.
You feel better. The orc wizard closely misses you.
Edmund hits you but does no damage.
The orc wizard hits you but does no damage.
You slash the orc wizard!
The orc wizard is heavily wounded.
You hit the orc wizard. You closely miss Edmund.
The orc wizard barely misses you. You furiously retaliate!
You headbutt the orc wizard.
You kill the orc wizard!
Edmund hits you but does no damage.
The orc wizard hits you but does no damage.
You slash the orc wizard!
You kill the orc wizard!
You barely miss Edmund. Edmund hits you with a +2 vorpal flail.
* * * LOW HITPOINT WARNING * * *
x2 Unknown command.
Okay, then.
You feel very mighty all of a sudden. Edmund hits you but does no damage.
You hit Edmund.
Edmund is lightly wounded.
Edmund hits you with a +2 vorpal flail!
* * * LOW HITPOINT WARNING * * *
x2 You closely miss Edmund.
Edmund is lightly wounded.
Edmund closely misses you.
You slash Edmund!
Edmund is heavily wounded.
Edmund closely misses you. You furiously retaliate!
You headbutt Edmund! You closely miss Edmund. You headbutt Edmund!
Edmund is severely wounded.
You block Edmund's attack.
You hit Edmund but do no damage. You headbutt Edmund.
Edmund is almost dead.
Edmund hits you with a +2 vorpal flail!
You die...

... ........(..........
.... #...........###...
....###.................
....<..........######...
..!............###
.................####
......†.)...........
.....#.........)#.##
..## #...<.....@@.#
#...........#)..#
#.############...... #.
.#.### # . .. .# ## #B ~
+~~


You could see Edmund and a giant cockroach.

Vanquished Creatures
  Pikel (D:6)
  Sigmund (D:4)
  Duvessa (D:4)
  A sky beast (D:6)
  3 lemures (D:6)
  5 necrophages
  A bullfrog (D:4)
  A scorpion (D:5)
  Dowan (D:4)
  A wight (D:5)
  5 hounds
  2 jellies
  An orc priest (D:5)
  Ijyb (D:4)
  5 iguanas (D:5)
  2 orc wizards (D:6)
  6 adders
  2 white imps (D:5)
  2 ufetubi (D:5)
  3 dart slugs
  10 orcs
  5 ball pythons
  3 endoplasms (D:1)
  3 giant cockroaches
  8 goblins
  8 hobgoblins
  3 jackals (D:4)
  4 quokkas
  7 bats
  7 frilled lizards
  3 kobolds
  3 rats
109 creatures vanquished.

Notes
Turn   | Place    | Note
-------+----------+-------------------------------------------
     0 | D:1      | Exodus22XD the Minotaur Fighter began the quest for the
                  | Orb.
     0 | D:1      | Reached XP level 1. HP: 19/19 MP: 0/0
   247 | D:1      | Reached XP level 2. HP: 27/27 MP: 1/1
   753 | D:2      | Reached skill level 3 in Axes
   753 | D:2      | Reached XP level 3. HP: 33/33 MP: 2/2
  1325 | D:3      | Found a snail-covered altar of Cheibriados.
  1326 | D:3      | Found an ancient bone altar of Kikubaaqudgha.
  1330 | D:3      | Found a basalt altar of Yredelemnul.
  1808 | D:4      | Reached XP level 4. HP: 40/40 MP: 3/3
  1838 | D:4      | Reached skill level 4 in Axes
  1852 | D:4      | Noticed a necrophage
  1858 | D:4      | Killed a necrophage
  1859 | D:4      | Reached XP level 5. HP: 47/47 MP: 4/4
  1967 | D:4      | Noticed Ijyb
  1983 | D:4      | Killed Ijyb
  1984 | D:4      | Reached skill level 5 in Axes
  2050 | D:4      | Noticed Sigmund
  2057 | D:4      | Killed Sigmund
  2058 | D:4      | Reached skill level 6 in Axes
  2058 | D:4      | Reached skill level 5 in Armour
  2058 | D:4      | Reached XP level 6. HP: 48/55 MP: 5/5
  2067 | D:4      | Reached skill level 5 in Fighting
  2149 | D:4      | Found an opulent altar of Gozag.
  2347 | D:4      | Noticed Duvessa
  2353 | D:4      | Noticed Dowan
  2356 | D:4      | Killed Duvessa
  2357 | D:4      | Reached XP level 7. HP: 56/61 MP: 6/6
  2366 | D:4      | Killed Dowan
  2367 | D:4      | Reached skill level 7 in Axes
  2585 | D:5      | Entered Level 5 of the Dungeon
  3008 | D:5      | Found a shimmering blue altar of Sif Muna.
  3099 | D:5      | Reached skill level 8 in Axes
  3298 | D:5      | Reached XP level 8. HP: 55/70 MP: 7/7
  3301 | D:5      | Reached skill level 5 in Shields
  3709 | D:6      | Noticed Pikel
  3717 | D:6      | Reached skill level 9 in Axes
  3720 | D:6      | Killed Pikel
  3721 | D:6      | Reached skill level 10 in Axes
  3814 | D:6      | Noticed Edmund
  3825 | D:6      | HP: 2/71 [Edmund/+2 vorpal flail (7)]
  3829 | D:6      | Mangled by Edmund

Illustrated notes

Levels and vault maps discovered:
D:1:      grunt_arrival_crossed_arrows, layout_basic
D:2:      layout_basic
D:3:      layout_basic, nemelex_diamond_rough_becter,
          gammafunk_temple_overflow_forgotten
D:4:      layout_basic, kennysheep_mini_moat, uniq_ijyb, uniq_duvessa,
          uniq_sigmund
D:5:      minmay_polygon_palace, layout_cave_pools, mainiacjoe_overflow_alcove_1
D:6:      cheibrodos_fertilizer, layout_rooms, kennysheep_mini,
          eat_drink_and_be_merry_uskayaw, gup_sewer_entry_glass, uniq_edmund,
          uniq_pikel

Skill      XL: |  1  2  3  4  5  6  7  8 |
---------------+-------------------------+-----
Fighting       | 4 5 6 |  6.7
Armour         | 4 5 6 7 |  7.4
Shields        | 4 5 |  5.7
Axes           | 3 4 6 8 10 | 10.2
Evocations     | |  0.4

Action                   |  1- 3 |  4- 6 |  7- 9 || total
-------------------------+-------+-------+-------++-------
Melee: War axe           |    92 |    51 |   104 ||   247
       Headbutt          |     6 |    10 |    17 ||    33
Evoke: Wand              |       |     2 |       ||     2
  Use: Scroll            |     1 |       |       ||     1
       Potion            |       |       |     3 ||     3
Armor: Scale mail        |    51 |     8 |       ||    59
       Chain mail        |       |    20 |   103 ||   123
Dodge: Dodged            |    44 |    20 |    47 ||   111
Block: Buckler           |    24 |     9 |    36 ||    69
